 Dungeon Crawl Stone Soup version 0.18-a0-912-g81d1dc4 (webtiles) character file.

4155 motkuuri the Jinx (level 10, -1/69 HPs)
             Began as a Vampire Enchanter on Dec 25, 2015.
             Was a Follower of Ashenzari.
             Killed from afar by a white imp (11 damage)
             ... with a puff of frost
             ... on level 1 of the Lair of Beasts.
             The game lasted 00:41:05 (10173 turns).

motkuuri the Jinx (Vampire Enchanter)              Turns: 10173, Time: 00:41:06

Health: -1/69      AC:  9    Str: 10    XL:     10   Next: 7%
Magic:  10/17      EV: 12    Int: 24    God:    Ashenzari [*.....]
Gold:   412        SH:  0    Dex: 16    Spells: 4 memorised, 10 levels left

rFire  . . .     SeeInvis +     G - +4 short sword (freeze) (curse)
rCold  . . .     Gourm    .     E - +4 leather armour "Ceac" {rN+ Int+4} (curse)
rNeg   + + +     Faith    .     (no shield)
rPois  .         Spirit   .     u - +0 helmet "Isadam" {Str+3}
rElec  .         Dismiss  +     (no cloak)
rCorr  .         Reflect  .     n - +0 pair of gloves
SustAt .         Harm     .     (no boots)
MR     +....                    p - amulet of dismissal (curse)
Stlth  +++++.....               O - +1 ring of slaying
                                F - ring of positive energy (curse)

@: about to teleport, very slightly contaminated, somewhat resistant to hostile
enchantments, quite stealthy
A: fangs 3, see invisible, unbreathing
a: Bat Form, Scrying, Renounce Religion


You were on level 1 of the Lair of Beasts.
You worshipped Ashenzari.
Ashenzari was aware of your devotion.
You were not thirsty.

You visited 3 branches of the dungeon, and saw 12 of its levels.
You also visited: Ice Cave.

You collected 481 gold pieces.
You spent 69 gold pieces at shops.

Inventory:

Hand Weapons
 a - a +1 dagger
 G - a cursed +4 short sword of freezing (weapon)
Armour
 b - a +1 robe
 n - a +0 pair of gloves (worn)
 q - a +0 buckler
 u - the +0 helmet "Isadam" (worn) {Str+3}
   (You found it on level 4 of the Dungeon)

   It affects your strength (+3).
 E - the cursed +4 leather armour "Ceac" (worn) {rN+ Int+4}
   (You found it on level 7 of the Dungeon)

   It affects your intelligence (+4).
   It protects you from negative energy.
   It has a curse placed upon it.
 M - a +0 shield
Magical Staves
 J - an uncursed staff of cold
 N - an uncursed staff of power
Rods
 C - a +0 rod of clouds (9/9)
   (You found it on level 6 of the Dungeon)
Jewellery
 p - a cursed amulet of dismissal (around neck)
 F - a cursed ring of positive energy (left hand)
 L - a cursed -3 ring of evasion
 O - a +1 ring of slaying (right hand)
Wands
 s - a wand of magic darts (1/48)
 t - a wand of random effects (38/48)
 y - a wand of draining (12/15)
Scrolls
 e - 3 scrolls of teleportation
 f - a scroll of recharging
 g - 4 scrolls of blinking
 j - 2 scrolls of magic mapping {unknown}
 o - 2 scrolls of immolation
 r - 2 scrolls of amnesia {unknown}
 v - 2 scrolls of random uselessness
 w - 4 scrolls of curse weapon
 A - a scroll of fear
 D - 2 scrolls of fog {unknown}
 K - a scroll of curse jewellery
Potions
 d - 10 potions of blood
 h - 2 potions of haste {unknown}
 i - 3 potions of might
 k - a potion of poison {unknown}
 l - 3 potions of cancellation {unknown}
 m - 2 potions of lignification {unknown}
 x - a potion of resistance {unknown}
 z - 3 potions of curing {unknown}
 B - 2 potions of brilliance {unknown}
 H - 2 potions of heal wounds {unknown}
 I - a potion of flight {unknown}
Books
 c - a book of Maledictions

   Spells                             Type                      Level
   a - Corona                         Hexes                        1
   b - Ensorcelled Hibernation        Hexes/Ice                    2
   c - Confuse                        Hexes                        3
   d - Tukima's Dance                 Hexes                        3
   e - Dazzling Spray                 Conjuration/Hexes            3


   Skills:
 + Level 2.8 Fighting
 - Level 6.0 Short Blades
 + Level 2.5 Dodging
 + Level 10.0 Stealth
 - Level 5.1 Spellcasting
 + Level 12.3 Hexes
 - Level 6.0 Ice Magic


You had 10 spell levels left.
You knew the following spells:

 Your Spells              Type           Power        Failure   Level  Hunger
a - Corona                Hex            ######.      1%          1    None
b - Ensorcelled Hibernat  Hex/Ice        ######       1%          2    None
c - Confuse               Hex            ######..     1%          3    ##.....
d - Tukima's Dance        Hex            ######..     1%          3    ##.....


Dungeon Overview and Level Annotations

Branches:
Dungeon (9/15)             Temple (1/1) D:4            Lair (2/8) D:9
    Orc: D:9-12

Altars:
Ashenzari
Cheibriados
Dithmenos
Elyvilon
Fedhas
Gozag
Kikubaaqudgha
Makhleb
Nemelex Xobeh
Okawaru
Pakellas
Qazlal
Ru
Sif Muna
Trog
Vehumet
Xom
Yredelemnul
Zin
The Shining One

Shops:
D:8 *

Annotations:
D:2 1 runed door
D:8 exclusions: ice statue and orange crystal statue


Innate Abilities, Weirdness & Mutations

You have razor-sharp teeth.
You have supernaturally acute eyesight.
You can survive without breathing.


Message History

The puff of frost hits you! The white imp gestures at you.
The puff of frost hits you!
* * * LOW HITPOINT WARNING * * *
The white imp hits you but does no damage.
The white imp hits you.
* * * LOW HITPOINT WARNING * * *
The white imp freezes you.
* * * LOW HITPOINT WARNING * * *
Read which item? (? for menu, Esc to quit)
Blink to where?
Press: ? - help, Dir - move target cursor You are very lightly contaminated with residual magic.
As you read the scroll of blinking, it crumbles to dust.
Drink which item? (? for menu, Esc to quit)
Okay, then.
The white imp shouts, "Scamper away, thou frothy clapper-clawed dandiprat!"
The white imp gestures at you. The puff of frost hits you!
You die...

..Y.r.. #......... ...YY..
### #.........
...r.r.###P####.........
...rY..>................
#..............########.
###............#
#............#
#...........##
......[.....@########.l .
.....###.#.P............
######..# #####.#.#.'##...
......#.# #P.#...†.#.
......#.# ##5#5.......
......#.# ##5'..5.......
......P.# #P5...........
........# #Y5.l....#....
........######5Y.5.>..#....


You could see an iguana, a sheep and 6 white imps.

Vanquished Creatures
  Pikel (D:5)
  A komodo dragon (Lair:2)
  2 trolls (D:9)
  A water moccasin (D:9)
  A porcupine (Lair:1)
  2 orc warriors
  5 ogres
  A sky beast (D:5)
  4 centaurs
  A crocodile (Lair:1)
  2 giant frogs
  A big kobold (D:9)
  A vampire bat (D:3)
  A giant frog zombie (D:9)
  4 hounds
  8 orc wizards
  6 crimson imps
  9 orc priests
  A centaur skeleton (D:6)
  A giant frog skeleton (D:5)
  2 iguanas
  8 worker ants
  4 sheep (Lair:1)
  10 gnolls
  3 river rats (Lair:1)
  8 adders
  A shadow imp (D:5)
  An ooze (D:5)
  An adder zombie (D:6)
  2 adder skeletons
  2 worms
  17 orcs
  A ball python (D:5)
  6 bats
  3 bat skeletons (D:3)
  A bat zombie (D:3)
  4 giant cockroaches
  11 hobgoblins
  7 quokkas
  2 giant geckos
  A giant gecko zombie (D:5)
  3 giant newts
  6 goblins
  A jackal zombie (D:2)
  8 kobolds
  6 rats
  A fungus (D:9)
173 creatures vanquished.

Vanquished Creatures (collateral kills)
  A gnoll (D:3)
1 creature vanquished.

Vanquished Creatures (others)
  5 orcs (D:6)
5 creatures vanquished.

Grand Total: 179 creatures vanquished

Notes
Turn   | Place    | Note
--------------------------------------------------------------
     0 | D:1      | motkuuri the Vampire Enchanter began the quest for the Orb.
     0 | D:1      | Reached XP level 1. HP: 13/13 MP: 3/3
   236 | D:1      | Reached skill level 5 in Hexes
   260 | D:1      | Reached XP level 2. HP: 19/19 MP: 5/5
   278 | D:1      | Learned a level 2 spell: Ensorcelled Hibernation
  1084 | D:2      | Reached XP level 3. HP: 24/24 MP: 3/6
  1260 | D:2      | Reached skill level 6 in Hexes
  1343 | D:2      | Reached skill level 5 in Stealth
  1351 | D:2      | Reached XP level 4. HP: 30/30 MP: 0/7
  1469 | D:2      | Found an oddly glowing altar of Pakellas.
  1537 | D:2      | Reached skill level 1 in Ice Magic
  1678 | D:2      | Reached skill level 7 in Hexes
  1748 | D:2      | Found a runed door.
  1748 | D:2      | Noticed a human
  1751 | D:2      | Found a basalt altar of Yredelemnul.
  1771 | D:2      | Learned a level 3 spell: Confuse
  1999 | D:2      | Found an iron altar of Okawaru.
  2148 | D:3      | Found a faded altar to an unknown god.
  2198 | D:3      | Reached XP level 5. HP: 35/35 MP: 0/8
  2295 | D:3      | Found an ancient bone altar of Kikubaaqudgha.
  2538 | D:3      | Found a radiant altar of Vehumet.
  2539 | D:3      | Found a burning altar of Makhleb.
  2666 | D:3      | Reached XP level 6. HP: 31/41 MP: 6/9
  2747 | D:3      | Learned a level 3 spell: Tukima's Dance
  3401 | D:4      | Got a pitted helmet
  3412 | D:4      | Identified the cursed +0 helmet "Isadam" {Str+3} (You found it on level 4 of the Dungeon)
  3547 | D:4      | Found a blossoming altar of Fedhas.
  3750 | D:4      | Found a deep blue altar of Sif Muna.
  3982 | D:3      | Reached skill level 8 in Hexes
  4445 | D:4      | Found a staircase to the Ecumenical Temple.
  4548 | Temple   | Entered the Ecumenical Temple
  5204 | D:4      | Reached XP level 7. HP: 46/46 MP: 8/11
  5358 | D:5      | Entered Level 5 of the Dungeon
  5405 | D:5      | Found a shadowy altar of Dithmenos.
  5952 | D:5      | Found a stormy altar of Qazlal.
  5956 | D:5      | Reached skill level 9 in Hexes
  5992 | D:5      | Found a bloodstained altar of Trog.
  6234 | D:5      | Found a basalt altar of Yredelemnul.
  6246 | D:5      | Reached XP level 8. HP: 52/52 MP: 7/13
  7369 | D:6      | Noticed Pikel
  7411 | D:5      | Killed Pikel
  7411 | D:5      | Reached skill level 11 in Hexes
  7926 | D:7      | Reached skill level 5 in Ice Magic
  7943 | D:7      | Got an ancient leather armour
  8197 | D:7      | Found a sparkling altar of Nemelex Xobeh.
  8216 | D:7      | Reached XP level 9. HP: 41/57 MP: 9/16
  8535 | D:8      | Noticed an ice statue
  8641 | D:8      | Found a white marble altar of Elyvilon.
  8680 | D:8      | Found a shattered altar of Ashenzari.
  8689 | D:8      | Became a worshipper of Ashenzari the Shackled
  8702 | D:8      | Identified the +4 leather armour "Ceac" {rN+ Int+4} (You found it on level 7 of the Dungeon)
  8716 | D:8      | Identified a +0 rod of clouds (9/9) (You found it on level 6 of the Dungeon)
  8734 | D:8      | Found a blossoming altar of Fedhas.
  8743 | D:8      | Found Qiofiuco's Assorted Antiques.
  8749 | D:8      | Bought a bubbling brown potion for 23 gold pieces
  8749 | D:8      | Bought an emerald potion for 23 gold pieces
  8749 | D:8      | Bought a fuming golden potion for 23 gold pieces
  8918 | D:8      | Noticed an orange crystal statue
  8926 | D:8      | Reached skill level 5 in Spellcasting
  9314 | D:9      | Reached skill level 5 in Short Blades
  9422 | D:9      | Reached skill level 1 in Fighting
  9594 | D:9      | Reached * piety under Ashenzari
  9640 | D:9      | Reached skill level 12 in Hexes
  9806 | D:9      | Found a staircase to the Lair.
  9967 | Lair:1   | Entered Level 1 of the Lair of Beasts
  9993 | Lair:1   | Found a frozen archway.
 10006 | Lair:2   | Noticed a komodo dragon
 10007 | Lair:2   | Killed a komodo dragon
 10007 | Lair:2   | Reached XP level 10. HP: 62/68 MP: 15/17
 10050 | Lair:1   | Reached skill level 10 in Stealth
 10157 | IceCv    | Entered an ice cave
 10173 | Lair:1   | Killed from afar by a white imp

Vault maps used:
D:1:      lemuel_arrival_funnel
D:2:      grunt_pakellas_basics, lemuel_coloured_pillars_altar, serial_glass,
          glass_columns_c, glass_columns_b, dk_yredelemnul_ordeal
D:3:      wad_pebble_path, grunt_temple_overflow_lords_of_destruction,
          kennysheep_vampire_church, ecumenical_altar_1
D:4:      old_standard_altar, overflow_temple_1_default,
          minmay_temple_entry_junction2, first_bread
D:5:      nicolae_overflow_crystal_walls, grunt_dithmenos_smoke,
          grunt_temple_overflow_open
D:6:      uniq_pikel
D:7:      nemelex_xobeh_ov_fountains_minmay
D:8:      minmay_separated_statues, cheibrodos_ashenzari_chains,
          lemuel_doored_altar, basic_altar, serial_shops, shop_fountains
D:9:      dpeg_oklobed_lair
Temple:   circular_temple_6
Lair:1:   minmay_lair_oklob_chamber, portal_ice_cave_entry_imps, pond
Lair:2:   lab_entry_generic, grunt_forest_small_clearing_treed,
          bh_autumn_forest_stairs, serial_bayou_shore_b
IceCv:    ice_cave_statue_garden_02

Action                   |  1- 3 |  4- 6 |  7- 9 | 10-12 || total
-------------------------+-------+-------+-------+-------++-------
Melee: Dagger            |    52 |   105 |    94 |       ||   251
       Short sword       |       |       |    53 |    15 ||    68
 Cast: Ensorcelled Hiber |     7 |    49 |    88 |     8 ||   152
       Confuse           |       |     2 |     9 |     1 ||    12
       Tukima's Dance    |       |     1 |       |       ||     1
 Abil: End Transformatio |       |     1 |       |     1 ||     2
       Bat Form          |       |     1 |       |     1 ||     2
  Use: Potion            |       |     3 |     1 |     2 ||     6
       Scroll            |       |       |    12 |     3 ||    15
 Stab: Sleeping          |    18 |    38 |    78 |     8 ||   142
       Confused          |       |       |     6 |       ||     6
